 Dungeon Crawl Stone Soup version 0.26-a0-651-gb41185065b (webtiles) character file.

Game seed: 13322774251959344222

351964 sking99 the Wrestler (level 21, -10/206 (208) HPs)
             Began as a Troll Monk on Oct 15, 2020.
             Was the Champion of Okawaru.
             Killed from afar by a shock serpent (20 damage)
             ... with a bolt of electricity
             ... in a wizard's laboratory.
             The game lasted 01:41:50 (39978 turns).

sking99 the Wrestler (Troll Monk)                  Turns: 39978, Time: 01:41:50

HP:   -10/206 (208) AC: 33    Str: 32    XL:     21   Next: 30%
MP:   24/24         EV: 19    Int:  6    God:    Okawaru [******]
Gold: 3844          SH: 32    Dex: 16    Spells: 20/20 levels left

rFire    . . .     SeeInvis .     - Unarmed
rCold    + + .     Faith    .   S - +2 tower shield
rNeg     + . .     Spirit   .   E - +2 pearl dragon scales
rPois    +         Reflect  +   b - +2 hat of Prudence {rC++ Dex+4}
rElec    .         Harm     .   P - +2 cloak of the Dungeon {rPois Slay+2}
rCorr    .         Rampage  .   (gloves unavailable)
MR       ++...                  (boots unavailable)
Stlth    ++........             F - amulet of reflection
HPRegen  0.00/turn              l - +4 ring of protection
MPRegen  0.19/turn              V - ring of protection from magic

@: mighty, lethally poisoned (-10 -> -45), heroism, non-regenerating, badly
diseased, slowed, very slow
A: large, unfitting armour, claws 3, regeneration 1, shaggy fur 1, tough skin 3
}: 2/15 runes: decaying, gossamer
a: Heroism, Finesse, Renounce Religion


You were in a wizard's laboratory.
You worshipped Okawaru.
Okawaru was exalted by your worship.
You visited 7 branches of the dungeon, and saw 36 of its levels.
You also visited: Ossuary, Gauntlet, Volcano and Wizlab.

You collected 4114 gold pieces.
You spent 270 gold pieces at shops.

Inventory:

Missiles
 a - 13 curare-tipped darts
 y - 8 datura-tipped darts
 H - 10 atropa-tipped darts
 O - 23 silver javelins (quivered)
 X - 98 large rocks
Armour
 b - the +2 hat of Prudence (worn) {rC++ Dex+4}
   (You acquired it in a Gauntlet)

   It affects your dexterity (+4).
   It greatly protects you from cold.
 E - +2 pearl dragon scales (worn)
 P - the +2 cloak of the Dungeon (worn) {rPois Slay+2}
   (You found it in a Gauntlet)

   It affects your accuracy and damage with ranged weapons and melee attacks
   (+2).
   It protects you from poison.
 Q - the +0 cloak "Kirrel" {MR++}
   (You found it in a Gauntlet)

   It affects your resistance to hostile enchantments.
 S - a +2 tower shield (worn)
Jewellery
 l - a +4 ring of protection (left claw)
 B - an uncursed ring of resist corrosion
 D - an uncursed amulet of guardian spirit
 F - an amulet of reflection (around neck)
 L - a +6 ring of strength
 U - an uncursed ring of protection from cold
 V - a ring of protection from magic (right claw)
 W - an uncursed ring of see invisible
Wands
 f - a wand of random effects (44)
 t - a wand of disintegration (24)
 v - a wand of iceblast (46)
 w - a wand of flame (68)
 x - a wand of paralysis (46)
 A - a wand of enslavement (31)
 I - a wand of acid (36)
 Y - a wand of polymorph (17)
Scrolls
 d - 13 scrolls of remove curse
 h - 5 scrolls of enchant armour
 i - 9 scrolls of teleportation
 k - 9 scrolls of amnesia
 m - 10 scrolls of magic mapping
 n - 2 scrolls of fear
 p - 4 scrolls of fog
 s - 2 scrolls of brand weapon
 u - a scroll of enchant weapon
 C - 3 scrolls of blinking
 T - 20 scrolls of identify
 Z - 3 scrolls of silence
Potions
 c - 19 potions of curing
 e - 6 potions of cancellation
 g - 3 potions of resistance
 j - 5 potions of might
 o - 9 potions of heal wounds
 q - 4 potions of berserk rage
 r - 3 potions of flight
 z - 6 potions of haste
 G - 6 potions of mutation
 J - 7 potions of ambrosia
 K - 13 potions of brilliance
 M - a potion of stabbing
 N - a potion of invisibility


   Skills:
 + Level 12.5(17.5) Fighting
 * Level 9.8(14.8) Throwing
 + Level 11.5(16.5) Armour
 + Level 11.7(16.7) Dodging
 - Level 1.0(6.0) Stealth
 - Level 15.0(20.0) Shields
 - Level 22.0(27) Unarmed Combat
 - Level 6.0 Invocations


You had 20 spell levels left.
You didn't know any spells.
Your spell library contained the following spells:

 Spells                   Type           Power        Failure   Level
 Animate Skeleton         Necr           #.....       65%         1
 Apportation              Tloc           #.....       65%         1
 Beastly Appendage        Tmut           #.....       65%         1
 Corona                   Hex            #......      65%         1
 Foxfire                  Conj/Fire      #...         65%         1
 Freeze                   Ice            #...         65%         1
 Magic Dart               Conj           #...         65%         1
 Pain                     Necr           #...         65%         1
 Sandblast                Erth           #.....       65%         1
 Shock                    Conj/Air       #...         65%         1
 Summon Small Mammal      Summ           #...         65%         1
 Blink                    Tloc           N/A          78%         2
 Call Imp                 Summ           #.......     78%         2
 Ensorcelled Hibernation  Hex/Ice        #.....       78%         2
 Passwall                 Tmut/Erth      #.......     78%         2
 Poisonous Vapours        Pois/Air       #.....       78%         2
 Searing Ray              Conj           #.....       78%         2
 Swiftness                Air            #.......     78%         2
 Wereblood                Tmut           #.......     78%         2
 Call Canine Familiar     Summ           #.......     95%         3
 Confusing Touch          Hex            #.......     95%         3
 Conjure Flame            Conj/Fire      #.......     95%         3
 Dazzling Flash           Conj/Hex       #.....       95%         3
 Frozen Ramparts          Ice            #.....       95%         3
 Gell's Gravitas          Tloc           #.........   95%         3
 Ignite Poison            Fire/Tmut/Pois #.......     95%         3
 Inner Flame              Hex/Fire       #.......     95%         3
 Lesser Beckoning         Tloc           #.........   95%         3
 Mephitic Cloud           Conj/Pois/Air  #.......     95%         3
 Ozocubu's Armour         Ice            #.......     95%         3
 Spider Form              Tmut/Pois      #.........   95%         3
 Static Discharge         Conj/Air       #.......     95%         3
 Stone Arrow              Conj/Erth      #.....       95%         3
 Summon Guardian Golem    Hex/Summ       #.......     95%         3
 Teleport Other           Tloc           #.......     95%         3
 Tukima's Dance           Hex            #.......     95%         3
 Vampiric Draining        Necr           #.........   95%         3
 Airstrike                Air            #.........   100%        4
 Animate Dead             Necr           #.........   100%        4
 Fulminant Prism          Conj/Hex       #.........   100%        4
 Hailstorm                Conj/Ice       #.......     100%        4
 Ice Form                 Ice/Tmut       #.......     100%        4
 Iskenderun's Mystic Bla  Conj/Tloc      #.......     100%        4
 Leda's Liquefaction      Hex/Erth       #.........   100%        4
 Olgreb's Toxic Radiance  Pois           #.......     100%        4
 Passage of Golubria      Tloc           N/A          100%        4
 Petrify                  Tmut/Erth      #.......     100%        4
 Sticky Flame             Conj/Fire      #.......     100%        4
 Summon Ice Beast         Ice/Summ       #.......     100%        4
 Summon Lightning Spire   Summ/Air       #.......     100%        4
 Agony                    Necr           #.......     100%        5
 Blade Hands              Tmut           #.........   100%        5
 Bolt of Magma            Conj/Fire/Erth #.........   100%        5
 Fireball                 Conj/Fire      #.........   100%        5
 Lee's Rapid Deconstruct  Erth           #.........   100%        5
 Lightning Bolt           Conj/Air       #.........   100%        5
 Silence                  Hex/Air        #.........   100%        5
 Conjure Ball Lightning   Conj/Air       #.........   100%        6
 Freezing Cloud           Conj/Ice/Air   #.........   100%        6
 Hydra Form               Tmut           #.........   100%        6
 Iron Shot                Conj/Erth      #.........   100%        6
 Statue Form              Tmut/Erth      #........    100%        6
 Malign Gateway           Summ/Tloc      #.........   100%        7
 Monstrous Menagerie      Summ           #.........   100%        7
 Summon Greater Demon     Summ           #.........   100%        7
 Summon Horrible Things   Summ           #.........   100%        8
 Shatter                  Erth           #.........   100%        9
 Tornado                  Air            #.........   100%        9


Dungeon Overview and Level Annotations

Branches:
Dungeon (15/15)            Temple (0/1) D:7            Lair (6/6) D:11
  Swamp (4/4) Lair:2       Spider (4/4) Lair:4        Slime (0/5) Lair:6
    Orc (2/2) D:11            Elf (1/3) Orc:2        Vaults (4/5) D:13
  Crypt (0/3) Vaults:3     Depths (0/5) D:15        Ossuary (visited)
Volcano (visited)          WizLab (1/1)             Gauntlet (visited)

Altars:
Cheibriados
Fedhas
Hepliaklqana
Makhleb
Okawaru
Qazlal
Ru
Sif Muna
Trog
Vehumet
Wu Jian
Xom
Yredelemnul
Zin
The Shining One
Beogh
Jiyva

Shops:
D:13 ?   D:15 (   Orc:1 (   Orc:2 :((:   Vaults:3 }   Vaults:4 [


Innate Abilities, Weirdness & Mutations

You are too large for most types of armour.
You have claws for hands.
Your natural rate of healing is unusually fast.
You are covered in fur. (AC +1)
You have extremely tough skin. (AC +3)


Message History

The foul vapour engulfs you but does no damage.
You eviscerate the air elemental!!!!
You destroy the air elemental!
Okawaru accepts your kill.
You are engulfed in dark miasma.
You are more poisoned.
You feel your flesh rotting away!
You feel ill.
* * * LOW HITPOINT WARNING * * *
You feel sick.
You are engulfed in dark miasma.
You feel your flesh rotting away!
* * * LOW HITPOINT WARNING * * *
x2 You feel very sick.
The wind drake flaps its wings at you. The air twists around and strikes you!
* * * LOW HITPOINT WARNING * * *
The wind drake exhales a fierce blast of wind!
The shock serpent shoots out a bolt of lightning at you!
The bolt of electricity hits you!!
You die...

≈#..≈≈≈≈≈≈≈#§ §#.........'
§#..≈≈≈≈≈S≈# §##.≈≈≈≈≈≈°#
§§#..≈≈≈≈☼k# §§##.≈≈≈k○≈#
§§§#..≈°≈≈°#
§§§##..°○≈°###############
§§§§###°°@°°≈≈≈≈≈≈≈≈≈≈≈≈≈≈
§§§§§≈###.°...............
≈§§§§≈≈≈##################
≈§§§§≈≈≈≈ ≈≈≈≈≈≈≈≈≈###≈≈≈≈
≈§§≈≈≈≈≈≈≈≈≈≈≈≈≈≈≈##§##≈≈≈
≈≈≈≈≈≈≈≈≈≈≈≈≈≈≈≈≈##§§.##≈≈
≈≈≈≈≈≈≈≈≈≈≈≈≈≈≈###.§§§.##≈
≈≈≈≈≈≈≈≈≈≈≈≈≈≈##....§.§§##
≈≈≈≈##.§.....§§.#


You could see a death drake, a wind drake (repels missiles, catching breath) and
a shock serpent.

Vanquished Creatures
  the Lernaean hydra (Swamp:4)
  Jorgrun (Swamp:1)
  Rupert (D:15)
  2 sphinxes
  An ancient champion (Vaults:3)
  Kirke (D:15)
  A tengu reaver (D:14)
  A thorn hunter (Swamp:4)
  2 frost giants (Vaults:4)
  2 orc warlords (Orc:1)
  13 vault wardens
  Aizul (Swamp:4)
  Louise (Swamp:1)
  A cacodemon (Gauntlet)
  6 emperor scorpions
  3 ghost moths
  10 ironheart preservers
  A curse skull (Vaults:3)
  9 stone giants
  A vampire knight (Vaults:3)
  9 entropy weavers
  8 very ugly things
  A deep elf annihilator (Vaults:3)
  Azrael (D:14)
  A red draconian (Volcano)
  4 ettins
  5 spark wasps
  A crystal guardian (Vaults:4)
  A minotaur (Gauntlet)
  4 fire dragons
  5 blizzard demons (WizLab)
  Snorg (D:14)
  5 yaktaur captains
  Fannar (Lair:3)
  13 ogre magi
  2 rakshasas (Vaults:2)
  19 hydras
  2 ghost crabs (WizLab)
  3 great orbs of eyes
  A vault guard (Vaults:3)
  5 ice dragons
  A shambling mangrove (Swamp:2)
  A catoblepas (Lair:6)
  4 death knights
  9 centaur warriors
  Erica (Lair:2)
  15 alligators
  A spriggan air mage (WizLab)
  2 dancing weapons (Elf:1)
  10 death yaks
  42 two-headed ogres
  An orc high priest (Orc:1)
  A queen ant (Gauntlet)
  A deep troll shaman (Vaults:3)
  An alligator (shapeshifter) (D:14)
  2 tengu warriors
  Urug (Lair:3)
  4 shock serpents (WizLab)
  A sun demon (D:14)
  A soul eater (D:15)
  6 deep elf knights
  Sonja (Lair:6)
  Nergalle (D:10)
  5 hell knights (D:15)
  A salamander mystic (Volcano)
  2 sixfirhies (D:15)
  4 unseen horrors
  3 skeletal warriors (Vaults:2)
  A shadow wraith (Vaults:1)
  9 swamp dragons (Swamp:4)
  A death drake (WizLab)
  11 deep trolls
  A flayed ghost (Vaults:2)
  2 glowing orange brains
  2 obsidian statues (D:15)
  3 wizards
  3 deep elf archers
  18 ironbrand convokers
  Pikel (D:7)
  A tengu zombie (Vaults:2)
  A phantasmal warrior (D:15)
  13 orc knights
  3 orc sorcerers (Orc:1)
  A lindwurm (Lair:6)
  4 necromancers
  19 orb spiders
  A fire giant zombie (Vaults:4)
  A stone giant zombie (Vaults:4)
  24 wolf spiders
  18 deep elf magi
  5 salamanders (Volcano)
  6 oklob plants
  14 cyclopes
  2 moths of wrath (Spider:4)
  A sphinx skeleton (Vaults:2)
  36 ugly things
  Maurice (D:9)
  3 apocalypse crabs (WizLab)
  The ghost of loralnil the Sneak, a novice OpCj (D:5)
  A manticore (D:14)
  2 guardian serpents (shapeshifter)
  2 molten gargoyles (Lair:6)
  10 elephants
  15 vault sentinels
  7 black mambas
  4 rust devils (D:15)
  2 stone giant skeletons (Vaults:4)
  3 gargoyles
  A torpor snail (shapeshifter) (D:14)
  7 komodo dragons
  5 rime drakes
  2 kobold demonologists
  16 cane toads
  35 yaktaurs
  7 freezing wraiths
  17 demonic crawlers
  A rime drake (shapeshifter) (Vaults:1)
  2 hellwings (D:15)
  3 ice devils (D:15)
  2 efreet (D:14)
  2 human skeletons (Vaults:4)
  28 jumping spiders
  A red devil (D:15)
  12 tyrant leeches
  2 polar bears (shapeshifter)
  15 trolls
  A jumping spider (shapeshifter) (D:15)
  4 wind drakes (WizLab)
  16 hornets
  A raiju (Gauntlet)
  2 polar bears (Lair:5)
  Prince Ribbit (D:7)
  11 dream sheep
  5 hippogriffs
  18 bog bodies
  30 slime creatures
  19 blink frogs
  9 spriggans
  A tarantella (shapeshifter) (D:15)
  58 redbacks
  A ynoxinul (D:15)
  26 tarantellas
  10 wyverns
  5 air elementals (WizLab)
  2 shadows
  42 yaks
  A water elemental (Elf:1)
  8 wraiths
  A hog (shapeshifter) (Vaults:4)
  3 fire bats (Lair:4)
  A yaktaur simulacrum (Vaults:1)
  7 fire elementals (D:14)
  7 basilisks
  8 vampire mosquitoes
  A chaos spawn (D:15)
  2 steam dragons
  A hog (D:15)
  5 wargs
  2 human simulacra
  22 insubstantial wisps
  Duvessa (D:5)
  2 acid dragons
  5 hell hounds
  14 swamp worms
  5 soldier ants (Gauntlet)
  5 porcupines
  12 swamp drakes
  33 orc warriors
  16 water moccasins
  10 sky beasts
  7 ice beasts
  8 necrophages
  5 black bears
  A phantom (D:4)
  5 boggarts (D:15)
  54 ogres
  A lemure (D:7)
  16 centaurs
  10 crocodiles
  An elf skeleton (Vaults:4)
  5 elf zombies (Ossuary)
  30 bullfrogs
  4 big kobolds
  A gnoll sergeant (Orc:2)
  A water moccasin zombie (D:8)
  Dowan (D:5)
  A wyvern skeleton (D:14)
  An ogre simulacrum (Vaults:1)
  2 scorpions
  19 killer bees
  17 wights
  2 electric eels
  6 howler monkeys
  5 lava snakes (Lair:6)
  5 centaur zombies
  A quasit (D:12)
  A bullfrog skeleton (D:12)
  20 orc priests
  9 hounds
  Crazy Yiuf (D:5)
  10 human zombies
  6 iguanas
  5 jellies
  26 orc wizards
  3 centaur skeletons
  16 worker ants
  Natasha (thrice) (D:4)
  2 hound zombies
  2 hound skeletons
  A howler monkey zombie (D:6)
  3 mummies (Ossuary)
  3 worker ant zombies
  8 gnolls
  18 adders
  3 shadow imps
  6 white imps
  2 ufetubi
  2 adder skeletons
  8 worms
  A dart slug (D:1)
  5 leopard geckos
  115 orcs
  3 ball pythons
  11 bats
  10 giant cockroaches
  7 goblins
  9 hobgoblins
  6 jackals
  4 quokkas
  12 frilled lizards
  3 jackal zombies
  17 kobolds
  A quokka skeleton (D:5)
  3 rats
  2 briar patches (Swamp:4)
1694 creatures vanquished.

Vanquished Creatures (others)
  A hydra (Swamp:4)
  An unseen horror (D:11)
  A hornet (Spider:4)
  2 humans (D:15)
  An orc wizard (Orc:2)
  2 orcs
  A briar patch (Swamp:4)
  3 bushes
  32 fungi
  32 plants
76 creatures vanquished.

Grand Total: 1770 creatures vanquished

Notes
Turn   | Place    | Note
-------+----------+-------------------------------------------
     0 | D:1      | sking99 the Troll Monk began the quest for the Orb.
     0 | D:1      | Reached XP level 1. HP: 22/22 MP: 0/0
   196 | D:1      | Reached XP level 2. HP: 28/29 MP: 1/1
   482 | D:1      | Reached XP level 3. HP: 36/36 MP: 2/2
   696 | D:2      | Reached skill level 4 in Unarmed Combat
   861 | D:2      | Found a basalt altar of Yredelemnul.
   903 | D:2      | Reached XP level 4. HP: 41/45 MP: 3/3
  1478 | D:3      | Reached skill level 5 in Unarmed Combat
  1478 | D:3      | Reached XP level 5. HP: 51/53 MP: 4/4
  1620 | D:3      | Found a shimmering altar of Xom.
  1655 | D:3      | Noticed a black bear
  1663 | D:3      | Killed a black bear
  1663 | D:3      | Reached XP level 6. HP: 22/62 MP: 5/5
  1790 | D:3      | Reached skill level 6 in Unarmed Combat
  2230 | D:4      | Found a sand-covered staircase.
  2235 | Ossuary  | Entered an ossuary
  2257 | Ossuary  | Reached skill level 11 in Unarmed Combat
  2257 | Ossuary  | Reached XP level 7. HP: 78/78 MP: 6/6
  2392 | Ossuary  | Reached XP level 8. HP: 81/87 MP: 7/7
  2449 | Ossuary  | Reached skill level 12 in Unarmed Combat
  2618 | D:4      | Noticed Natasha
  2624 | D:4      | Killed Natasha
  3165 | D:4      | Noticed Natasha
  3178 | D:4      | Killed Natasha
  3263 | D:4      | Noticed Natasha
  3266 | D:4      | Killed Natasha
  3641 | D:5      | Entered Level 5 of the Dungeon
  3652 | D:5      | Noticed Dowan
  3736 | D:5      | Noticed Duvessa
  3744 | D:5      | Killed Duvessa
  3757 | D:5      | Killed Dowan
  3855 | D:5      | Found a runed translucent gate.
  3856 | D:5      | Found a runed translucent gate.
  3856 | D:5      | Noticed loralnil's ghost (novice OpCj)
  3857 | D:5      | Found a runed translucent gate.
  3860 | D:5      | Identified the +1 leather armour of Ywnelaumn {Regen+}
  3907 | D:5      | Reached XP level 9. HP: 82/96 MP: 8/8
  3958 | D:5      | Found an iron altar of Okawaru.
  4128 | D:5      | Found a runed translucent door.
  4129 | D:5      | Noticed Crazy Yiuf
  4266 | D:5      | Found a roughly hewn altar of Beogh.
  4489 | D:5      | Noticed an angel
  4490 | D:5      | Found a glowing silver altar of Zin.
  4741 | D:5      | Became a worshipper of Warmaster Okawaru
  4741 | D:5      | Reached * piety under Okawaru
  4741 | D:5      | Reached ** piety under Okawaru
  4981 | D:6      | Reached skill level 1 in Invocations
  5078 | D:6      | Found a radiant altar of Vehumet.
  5528 | D:7      | Found a staircase to the Ecumenical Temple.
  5529 | D:7      | Noticed Prince Ribbit
  5565 | D:7      | Killed Prince Ribbit
  5718 | D:7      | Noticed Pikel
  5730 | D:7      | Killed Pikel
  5730 | D:7      | Reached *** piety under Okawaru
  5730 | D:7      | Reached XP level 10. HP: 69/106 MP: 9/11
  5843 | D:7      | Found a burning altar of Makhleb.
  5845 | D:7      | Noticed a green death
  6078 | D:7      | Found a glowing golden altar of the Shining One.
  6179 | D:7      | Found a sacrificial altar of Ru.
  6354 | D:7      | Found a shimmering blue altar of Sif Muna.
  6533 | D:8      | Reached skill level 13 in Unarmed Combat
  6582 | D:8      | Found a hazy altar of Hepliaklqana.
  6765 | D:8      | Found an ornate altar of the Wu Jian Council.
  7001 | D:8      | Found a runed translucent door.
  7023 | D:8      | Found a runed translucent door.
  7111 | D:8      | Reached **** piety under Okawaru
  7166 | D:8      | Noticed a tengu warrior
  7176 | D:8      | Killed a tengu warrior
  7434 | D:5      | Killed loralnil's ghost
  7536 | D:5      | Killed Crazy Yiuf
  7713 | D:9      | Noticed Maurice
  7740 | D:9      | Killed Maurice
  7744 | D:9      | Reached XP level 11. HP: 75/115 MP: 13/13
  7822 | D:9      | Found a bloodstained altar of Trog.
  7937 | D:9      | Reached skill level 5 in Invocations
  7947 | D:9      | Reached ***** piety under Okawaru
  8060 | D:9      | Noticed a two-headed ogre
  8077 | D:9      | Killed a two-headed ogre
  8077 | D:9      | Reached skill level 10 in Fighting
  8159 | D:9      | Reached skill level 14 in Unarmed Combat
  8250 | D:9      | Reached skill level 1 in Armour
  8432 | D:9      | Found a blossoming altar of Fedhas.
  8443 | D:9      | Found a stormy altar of Qazlal.
  8510 | D:10     | Entered Level 10 of the Dungeon
  8709 | D:10     | Noticed a centaur warrior
  8726 | D:10     | Killed a centaur warrior
  8799 | D:10     | Noticed Nergalle
  8809 | D:10     | Killed Nergalle
  8966 | D:10     | Killed an unseen horror
  8966 | D:10     | Reached ****** piety under Okawaru
  8966 | D:10     | Received a gift from Okawaru
  8966 | D:10     | Reached XP level 12. HP: 110/126 MP: 14/14
  9152 | D:11     | Noticed a two-headed ogre
  9172 | D:10     | Killed a two-headed ogre
  9172 | D:10     | Reached skill level 15 in Unarmed Combat
  9427 | D:11     | Noticed a seven-headed hydra
  9437 | D:11     | Killed a ten-headed hydra
  9573 | D:11     | Received a gift from Okawaru
  9573 | D:11     | Reached skill level 5 in Dodging
  9576 | D:11     | Got a tattered robe {god gift}
  9587 | D:11     | Identified the +0 robe of Ucwun {Harm Int+6 Stlth+}
                  | (Okawaru gifted it to you on level 11 of the Dungeon)
  9726 | D:11     | Noticed a two-headed ogre
  9735 | D:11     | Killed a two-headed ogre
  9788 | D:11     | Found a staircase to the Lair.
  9896 | D:11     | Found a staircase to the Orcish Mines.
 10089 | Lair:1   | Entered Level 1 of the Lair of Beasts
 11243 | Lair:2   | Noticed a seven-headed hydra
 11461 | Lair:2   | Noticed Erica
 11465 | Lair:2   | Killed an 11-headed hydra
 11465 | Lair:2   | Reached skill level 5 in Armour
 11465 | Lair:2   | Reached XP level 13. HP: 105/133 MP: 7/15
 11475 | Lair:2   | Reached skill level 16 in Unarmed Combat
 11480 | Lair:2   | Killed Erica
 11900 | Lair:2   | Found a staircase to the Swamp.
 11988 | Lair:3   | Found a gate leading to a gauntlet.
 11993 | Lair:3   | Noticed Urug
 12000 | Lair:3   | Killed Urug
 12007 | Gauntlet | Entered a Gauntlet
 12007 | Gauntlet | Found a transporter.
 12007 | Gauntlet | Found a transporter.
 12018 | Gauntlet | Found a transporter.
 12018 | Gauntlet | Found a transporter.
 12029 | Gauntlet | Found a transporter.
 12036 | Gauntlet | Found a transporter.
 12043 | Gauntlet | Found a transporter.
 12045 | Gauntlet | Noticed a cacodemon
 12046 | Gauntlet | Found a transporter.
 12070 | Gauntlet | Found a transporter.
 12077 | Gauntlet | Found a transporter.
 12089 | Gauntlet | Found a transporter.
 12107 | Gauntlet | Found a transporter.
 12152 | Gauntlet | Found a transporter.
 12168 | Gauntlet | Found a transporter.
 12269 | Gauntlet | Found a transporter.
 12285 | Gauntlet | Found a transporter.
 12440 | Gauntlet | Got a smoking cloak
 12451 | Gauntlet | Identified the +2 cloak of the Dungeon {rPois Slay+2} (You
                  | found it in a Gauntlet)
 12475 | Gauntlet | Killed a cacodemon
 12488 | Gauntlet | Got a distressingly furry cloak
 12499 | Gauntlet | Identified the cursed +0 cloak "Kirrel" {MR++} (You found
                  | it in a Gauntlet)
 12505 | Gauntlet | Identified a scroll of acquirement
 12506 | Gauntlet | Acquired the +2 hat of Prudence {rC++ Dex+4}
 12543 | Gauntlet | Noticed a minotaur
 12557 | Gauntlet | Killed a minotaur
 12563 | Gauntlet | Got a transparent wooden ring
 12566 | Gauntlet | Identified the ring of Ashenzari's Favour {Ice +Fly Str-5
                  | Int+3} (You found it in a Gauntlet)
 13046 | Lair:3   | Received a gift from Okawaru
 13082 | Lair:3   | You fall into a shaft and drop 3 floors!
 13082 | Lair:6   | Entered Level 6 of the Lair of Beasts
 13321 | Lair:5   | Found a snail-covered altar of Cheibriados.
 13414 | Lair:4   | Found a dark tunnel.
 13425 | Volcano  | Entered a volcano
 13554 | Volcano  | Noticed a red draconian
 13568 | Volcano  | Killed a red draconian
 13568 | Volcano  | Reached skill level 17 in Unarmed Combat
 13911 | Lair:4   | Reached XP level 14. HP: 143/143 MP: 17/17
 14036 | Lair:4   | Found a hole to the Spider Nest.
 14929 | Lair:3   | Noticed Fannar
 14941 | Lair:3   | Killed Fannar
 15253 | Spider:1 | Entered Level 1 of the Spider Nest
 15337 | Lair:5   | Received a gift from Okawaru
 16090 | Lair:5   | Identified the Volume of Harmful Changing
 16292 | Lair:6   | Reached skill level 18 in Unarmed Combat
 16379 | Lair:6   | Noticed Sonja
 16385 | Lair:6   | Killed Sonja
 16776 | Lair:6   | Received a gift from Okawaru
 16937 | Lair:6   | Received a gift from Okawaru
 16971 | Lair:6   | Found a viscous altar of Jiyva.
 16971 | Lair:6   | Found a staircase to the Slime Pits.
 17234 | Lair:6   | Found a large runed translucent door.
 17234 | Lair:6   | Found a large runed translucent door.
 17883 | D:12     | Reached XP level 15. HP: 123/149 MP: 15/18
 18623 | D:13     | Found Huhuom's Magic Scroll Shoppe.
 18660 | D:13     | Bought 3 scrolls of silence for 270 gold pieces
 18728 | D:13     | Found a gate to the Vaults.
 18889 | D:13     | You fall into a shaft and drop 1 floor!
 19039 | D:14     | Noticed Snorg
 19043 | D:14     | Noticed Azrael
 19049 | D:14     | Killed Snorg
 19049 | D:14     | Received a gift from Okawaru
 19068 | D:14     | Killed Azrael
 19262 | D:14     | Reached skill level 19 in Unarmed Combat
 19692 | D:14     | Noticed a tengu reaver
 19692 | D:14     | Noticed a sphinx
 19701 | D:14     | Killed a sphinx
 19710 | D:14     | Killed a tengu reaver
 20112 | D:13     | Identified the Handbook of Toxins
 20171 | D:13     | Found a roughly hewn altar of Beogh.
 20270 | D:13     | Found a shimmering blue altar of Sif Muna.
 20390 | D:15     | Entered Level 15 of the Dungeon
 20805 | Orc:1    | Entered Level 1 of the Orcish Mines
 20806 | Orc:1    | Noticed an orc warlord
 20930 | Orc:1    | Killed an orc warlord
 21110 | Orc:2    | Entered Level 2 of the Orcish Mines
 21113 | Orc:2    | Noticed an orc warlord
 21149 | Orc:1    | Reached XP level 16. HP: 136/161 MP: 19/19
 22040 | Orc:2    | Found a staircase to the Elven Halls.
 22138 | Orc:2    | Found Jehyje's Book Shop.
 22140 | Orc:2    | Found Emisan's Antique Weapon Shoppe.
 22149 | Orc:2    | Received a gift from Okawaru
 22154 | Orc:2    | Got a twisted quick blade {god gift}
 22168 | Orc:2    | Reached skill level 10 in Dodging
 22252 | Orc:2    | Found Zeogaet's Book Emporium.
 22253 | Orc:2    | Found Pelomn's Weapon Emporium.
 22288 | Orc:2    | Found a bloodstained altar of Trog.
 22590 | Orc:1    | Found Axisubb's Weapon Boutique.
 23064 | D:15     | Found Boomesan's Weapon Shop.
 23072 | D:15     | Noticed Kirke
 23084 | D:15     | Killed Kirke
 23084 | D:15     | Received a gift from Okawaru
 23084 | D:15     | Reached skill level 20 in Unarmed Combat
 23169 | D:15     | Found a burning altar of Makhleb.
 23192 | D:15     | Reached skill level 10 in Armour
 23510 | D:15     | Noticed Rupert
 23534 | D:15     | Killed Rupert
 24043 | D:15     | Found a staircase to the Depths.
 24318 | D:15     | Found a burning altar of Makhleb.
 24319 | D:15     | Found the cursed +14 obsidian axe {vorpal, +Fly SInv
                  | *Curse}
 24624 | Swamp:1  | Entered Level 1 of the Swamp
 24665 | Swamp:1  | Reached XP level 17. HP: 157/170 MP: 20/20
 24810 | Swamp:1  | Noticed Jorgrun
 24821 | Swamp:1  | Killed Jorgrun
 24829 | Swamp:1  | Noticed Louise
 25108 | Swamp:1  | Received a gift from Okawaru
 25111 | Swamp:1  | Got a shimmering hunting sling {god gift}
 25234 | Swamp:1  | Killed Louise
 25303 | Swamp:1  | Reached skill level 1 in Shields
 26440 | Swamp:3  | Identified the +9 hunting sling of Qeimuen {vorpal, +Fly
                  | Str+4 Dex+7} (Okawaru gifted it to you on level 1 of the
                  | Swamp)
 27190 | Swamp:4  | Entered Level 4 of the Swamp
 27194 | Swamp:4  | Received a gift from Okawaru
 27197 | Swamp:4  | Got a heavily runed hat {god gift}
 27208 | Swamp:4  | Identified the +0 hat of Winter {+Blink rN+ Dex+4 Stlth+}
                  | (Okawaru gifted it to you on level 4 of the Swamp)
 27269 | Swamp:4  | Noticed Aizul
 27281 | Swamp:4  | Killed Aizul
 27295 | Swamp:4  | Reached skill level 5 in Shields
 27513 | Swamp:4  | Reached skill level 21 in Unarmed Combat
 27731 | Swamp:4  | Noticed the 27-headed Lernaean hydra
 27743 | Swamp:4  | Killed the 27-headed Lernaean hydra
 27913 | Swamp:4  | Got a decaying rune of Zot
 28933 | Spider:1 | Reached XP level 18. HP: 179/180 MP: 21/21
 29338 | Spider:2 | Received a gift from Okawaru
 31823 | Spider:4 | Entered Level 4 of the Spider Nest
 32204 | Spider:4 | Received a gift from Okawaru
 32214 | Spider:4 | Reached skill level 10 in Shields
 33052 | Spider:4 | Got a gossamer rune of Zot
 33331 | Vaults:1 | Entered Level 1 of the Vaults
 33726 | Vaults:1 | Reached XP level 19. HP: 171/188 MP: 22/22
 33792 | Vaults:1 | Reached skill level 22 in Unarmed Combat
 33821 | Vaults:1 | Received a gift from Okawaru
 34272 | Vaults:1 | Received a gift from Okawaru
 36186 | Vaults:3 | Received a gift from Okawaru
 36228 | Vaults:3 | Reached XP level 20. HP: 170/197 MP: 23/23
 36247 | Vaults:3 | Reached skill level 1 in Throwing
 36566 | Vaults:3 | Reached skill level 15 in Shields
 36774 | Vaults:3 | Received a gift from Okawaru
 36963 | Vaults:3 | Reached skill level 5 in Throwing
 36977 | Vaults:3 | Received a gift from Okawaru
 37239 | Vaults:3 | Found Dored's Gadget Emporium.
 37507 | Vaults:3 | Found a staircase to the Crypt.
 37965 | Vaults:4 | Received a gift from Okawaru
 38317 | Vaults:4 | Received a gift from Okawaru
 38414 | Vaults:4 | Found Miax's Antique Armour Shop.
 38895 | Vaults:4 | Reached XP level 21. HP: 174/206 MP: 24/24
 39489 | Elf:1    | Entered Level 1 of the Elven Halls
 39583 | Elf:1    | Found a magical portal.
 39592 | WizLab   | Entered The Chambers of the Cloud Mage
 39720 | WizLab   | Received a gift from Okawaru
 39816 | WizLab   | Received a gift from Okawaru
 39978 | WizLab   | HP: 10/206 [wind drake/the air (17)]
 39978 | WizLab   | Killed from afar by a shock serpent

Illustrated notes

Levels and vault maps discovered:
D:1:      lightli_arrival_maybe_door_vault, layout_loops_ring, nrook_mini_vaults
D:2:      layout_basic, lemuel_crystal_altar
D:3:      cheibrodos_old_hovel, layout_loops_ring, xom_teletrap_fun
D:4:      mumra_celtic_spiral_tile, layout_layer_cave,
          nicolae_ossuary_entry_plus, kennysheep_small_spiral,
          chequers_serial_rivers_room_b, uniq_natasha
D:5:      cheibrodos_fzero, layout_gridville, marbit_many_paths, zin_angel,
          biasface_ghost_orc_armoury, uniq_crazy_yiuf_cottage, uniq_duvessa
D:6:      layout_cave_pods, old_standard_altar
D:7:      layout_basic, lemuel_blue_sif_altar, kennysheep_mini,
          makhleb_altar_promises_db, minmay_temple_entry_large_hall,
          nicolae_ru_great_annihilating_truth, uniq_pikel, uniq_prince_ribbit1
D:8:      minmay_the_grid_triangle_9x9_rhombus_thin
          [minmay_the_grid_triangle_9x9_sparse_checkered,
          minmay_the_grid_triangle_9x9_prize_insulated,
          minmay_the_grid_triangle_9x9_tough_junction,
          minmay_the_grid_triangle_9x9_pentomino_pain], layout_basic,
          lemuel_crystal_altar, kennysheep_mini_moat
D:9:      kb_forest_paths, layout_rooms, grunt_temple_overflow_forces_of_nature,
          bloody_trog, minmay_alternating_orb, uniq_maurice
D:10:     layout_big_octagon, uniq_nergalle
D:11:     layout_loops_cross, dpeg_oklobed_lair, hiddenorc1_lemuel
D:12:     layout_cave_pools, fungi_pond_lemuel
D:13:     layout_roguey, skrybe_vaults_entry_preservation, serial_shops,
          nicolae_shop_crystal, basic_altar, minivault_24,
          david_defended_altar_orc
D:14:     thingy_vault, layout_loops_ring, amethyst_killhole,
          minmay_misc_feat_plants, uniq_azrael, uniq_snorg
D:15:     gammafunk_enter_depths_forms, layout_small_grid, serial_shops, shop,
          grunt_guarded_unrand_obsidian_axe, uniq_rupert, uniq_kirke
Lair:1:   layout_small_grid
Lair:2:   layout_gridlike, palyth_hydra_swamp_entry, uniq_erica
Lair:3:   layout_cave_pods, gauntlet_entry_generic, columned_hall_lemuel,
          minivault_24, uniq_urug, uniq_fannar
Lair:4:   layout_loops_ring, spider_nest_entry_web_field,
          nicolae_volcano_entry_batcave
Lair:5:   layout_regular_city, basic_altar, roderic_carrion_pond,
          lemuel_fruit_fields, minmay_lair_oklob_chamber
Lair:6:   cheibrodos_lair_end_hotspot, layout_small_grid, slime_altar_1,
          infiniplex_staircase_pool, uniq_sonja
Swamp:1:  layout_basic_swamp, nicolae_swamp_treefoil, uniq_jorgrun, uniq_louise
Swamp:2:  layout_basic_swamp, serial_swamp_ruin, evilmike_swamp_ruin_rubble_1,
          evilmike_swamp_ruin_house_2
Swamp:3:  layout_basic_swamp, evilmike_swamp_ruin_house_1
Swamp:4:  grunt_swamp_rune_castle, layout_basic_swamp, swamp_pool2, uniq_aizul
Spider:1: layout_spider_delve
Spider:2: layout_chambers
Spider:3: layout_chambers
Spider:4: guppyfry_spider_rune, guppyfry_spider_mini_1
Orc:1:    layout_caves, serial_shops, shop_coins
Orc:2:    st_orc_open, layout_caves, basic_altar, special_room
Elf:1:    minmay_shoctagon, layout_loops_cross, mu_enter_wizlab_5,
          minmay_elf_crystal_heptagon, statue_in_the_mist_lemuel
Vaults:1: v_alt_pattern_3, vaults_dpeg_ring, vaults_room_grunt_arrival_ludios,
          v_rooms_5, ontoclasm_vaults_shout, nicolae_vaults_what_the_h,
          nicolae_vaults_angled_halls, hangedman_vaults_variations,
          hangedman_vaults_cutoff, hangedman_vaults_trim, vaults_room_door_ring,
          layout_vaults_omnicross
Vaults:2: ontoclasm_vaults_idyll, v_misc_27, hangedman_vaults_impose,
          serial_ice_b, vaults_room_fours, vaults_mumra_hex, v_misc_18,
          ontoclasm_vaults_chip, v_misc_4, layout_vaults_omnigrid
Vaults:3: hangedman_vaults_locks, minmay_crypt_entry_simple_corners,
          v_alt_pattern_4, nicolae_vaults_twisting_passages, v_alt_pattern_3,
          nicolae_vaults_little_squares_4, ontoclasm_vaults_tryst,
          nicolae_vaults_little_squares_4, hangedman_vaults_maws, v_misc_27,
          vaults_room_fancy_cross, vaults_room_fancy_cross, v_misc_4,
          layout_vaults_maze_bifur, serial_shops, shop_statue
Vaults:4: nicolae_vaults_three_branches, ontoclasm_vaults_hangar,
          nicolae_vaults_inception_corners, hangedman_vaults_cutoff, st_squares,
          v_misc_2, v_misc_14, v_misc_11, v_pattern_5,
          ontoclasm_vaults_decontamination, layout_vaults_omnibox, serial_shops,
          shop_statue
WizLab:   wizlab_cloud

Skill      XL: |  1  2  3  4  5  6  7  8  9 10 11 12 13 14 15 16 17 18 19 20 21 |
---------------+----------------------------------------------------------------+-----
Unarmed Combat | 4 5 11 12 13 14 15 17 18 19 20 21 22 | 22.0
Fighting       | 3 7 8 9 10 11 12 | 12.5
Invocations    | 2 4 5 6 |  6.0
Armour         | 2 5 6 8 9 10 11 | 11.5
Dodging        | 3 5 7 8 9 10 11 | 11.7
Shields        | 7 11 14 15 | 15.0
Throwing       | 8 9 |  9.8
Stealth        | |  1.0

Action                   |  1- 3 |  4- 6 |  7- 9 | 10-12 | 13-15 | 16-18 | 19-21 || total
-------------------------+-------+-------+-------+-------+-------+-------+-------++-------
Melee: Unarmed           |    97 |   134 |   259 |   560 |   955 |  1545 |  1280 ||  4830
       Punch             |     1 |     4 |    16 |    49 |   141 |    73 |       ||   284
Throw: Javelin           |       |       |       |       |       |       |     1 ||     1
Invok: Heroism           |       |       |       |    15 |    31 |    25 |    13 ||    84
       Finesse           |       |       |       |     3 |     5 |     4 |     2 ||    14
Evoke: Wand              |       |       |       |       |     3 |       |       ||     3
  Use: Scroll            |       |    14 |     9 |     9 |     7 |     4 |     1 ||    44
       Potion            |       |     1 |       |       |       |     2 |     1 ||     4
 Stab: Sleeping          |     3 |     2 |     6 |     9 |     4 |       |       ||    24
       Distracted        |       |       |     1 |     1 |     1 |       |       ||     3
       Paralysed         |       |       |       |       |     1 |       |       ||     1
Armor: Robe              |    38 |    47 |    99 |    92 |       |       |       ||   276
       Troll leather arm |       |       |       |    97 |   181 |       |       ||   278
       Fire dragon scale |       |       |       |       |   175 |   132 |       ||   307
       Pearl dragon scal |       |       |       |       |       |   545 |   298 ||   843
Dodge: Dodged            |    60 |    78 |   106 |   230 |   497 |   850 |   243 ||  2064
Block: Other             |       |       |       |    83 |   152 |   147 |       ||   382
       Reflection        |       |       |       |     8 |     4 |    42 |    76 ||   130
       Tower shield      |       |       |       |       |       |  1195 |  1174 ||  2369

Table legend: (Time is in decaauts)
 A = Elapsed time spent in this place.
 B = Non-inter-level travel time spent in this place.
 C = Inter-level travel time spent in this place.
 D = Time resting spent in this place.
 E = Time spent auto-exploring this place.
 F = Levels seen in this place.
 G = Mean time per level.
                   A        B        C        D        E       F      G
               +--------+--------+--------+--------+--------+-----+--------+
         Total |  38555 |  35681 |   2874 |   4960 |  22720 |  40 |  963.9 |
       Dungeon |  14254 |  12901 |   1353 |   1633 |   8300 |  15 |  950.3 |
          Lair |   6871 |   6122 |    749 |    851 |   4013 |   6 | 1145.2 |
         Swamp |   3861 |   3648 |    213 |    483 |   2406 |   4 |  965.2 |
   Spider Nest |   4341 |   4105 |    236 |    346 |   3010 |   4 | 1085.2 |
  Orcish Mines |   1888 |   1807 |     81 |    743 |    694 |   2 |  944.0 |
   Elven Halls |     97 |     97 |      0 |      0 |      0 |   1 |   97.0 |
        Vaults |   5543 |   5303 |    240 |    480 |   3610 |   4 | 1385.8 |
       Ossuary |    273 |    273 |      0 |    110 |     80 |   1 |  273.0 |
       Volcano |    287 |    287 |      0 |     63 |    134 |   1 |  287.0 |
        Wizlab |    347 |    347 |      0 |    139 |     59 |   1 |  347.0 |
      Gauntlet |    789 |    789 |      0 |    112 |    411 |   1 |  789.0 |
               +--------+--------+--------+--------+--------+-----+--------+

Top non-repeatable levels by time:
  Lair:6: 1576 daAuts
    D:14: 1547 daAuts
Vaults:3: 1508 daAuts
Spider:3: 1439 daAuts
Vaults:4: 1406 daAuts
Vaults:2: 1369 daAuts
   Orc:1: 1319 daAuts
Spider:2: 1317 daAuts
     D:5: 1309 daAuts
    D:15: 1309 daAuts
     D:4: 1305 daAuts
Vaults:1: 1259 daAuts
 Swamp:4: 1238 daAuts
  Lair:2: 1225 daAuts
    D:11: 1083 daAuts
